 Dungeon Crawl Stone Soup version 0.28-b1-25-g9875b3fc8c (webtiles) character file.

Game seed: 18170579859016876923

119 pkoi the Slasher (level 4, 0/38 HPs)
             Began as a Minotaur Gladiator on Feb 1, 2022.
             Slain by an orc warrior (16 damage)
             ... on level 5 of the Dungeon.
             The game lasted 00:02:51 (2137 turns).

pkoi the Slasher (Minotaur Gladiator)               Turns: 2137, Time: 00:02:52

Health: 0/38       AC:  3    Str: 27    XL:     4   Next: 74%
Magic:  3/3        EV: 12    Int:  5    God:
Gold:   74         SH:  5    Dex: 11    Spells: 3/3 levels left

rFire   . . .      SeeInvis .   a - +0 long sword (protect)
rCold   . . .      Faith    .   (no shield)
rNeg    . . .      Spirit   .   b - +0 leather armour
rPois   .          Reflect  +   c - +0 hat
rElec   .          Harm     .   (no cloak)
rCorr   .          Rampage  .   (no gloves)
Will    .....                   (no boots)
Stlth   +.........              f - amulet of reflection
HPRegen 0.12/turn               g - +6 ring of strength
MPRegen 0.08/turn               (no ring)

@: attractive, invisible
A: horns 2, retaliatory headbutt
a: no special abilities


You were on level 5 of the Dungeon.
You visited 1 branch of the dungeon, and saw 4 of its levels.

You collected 74 gold pieces.

Inventory:

Hand Weapons
 a - a +0 long sword of protection (weapon)
Missiles
 d - 3 throwing nets (quivered)
Armour
 b - a +0 leather armour (worn)
 c - a +0 hat (worn)
Jewellery
 f - an amulet of reflection (around neck)
 g - a +6 ring of strength (left hand)
Scrolls
 h - 2 scrolls of amnesia
Potions
 i - a potion of magic


   Skills:
 + Level 3.4 Fighting
 * Level 5.6 Long Blades
 - Level 2.0 Throwing
 + Level 2.2 Armour
 - Level 3.2 Dodging


You had 3 spell levels left.
You didn't know any spells.
Your spell library contained the following spells:

 Spells                   Type           Power      Damage    Failure   Level
 Slow                     Hex            0%         N/A       52%         1
 Confusing Touch          Hex            0%         N/A       87%         3
 Dazzling Flash           Conj/Hex       0%         N/A       87%         3
 Tukima's Dance           Hex            0%         N/A       87%         3
 Vampiric Draining        Necr           0%         2d6       87%         3
 Iskenderun's Mystic Bla  Conj/Tloc      0%         2d3       99%         4
 Passage of Golubria      Tloc           0%         N/A       99%         4
 Yara's Violent Unravell  Hex/Tmut       0%         3d3       100%        5
 Starburst                Conj/Fire      0%         6d3       100%        6


Dungeon Overview and Level Annotations

Branches:
Dungeon (3/15)

Altars:


Innate Abilities, Weirdness & Mutations

You have a pair of horns on your head.
You reflexively headbutt those who attack you in melee.


Message History

A howler monkey skeleton, 3 orcs and a sky beast come into view.
The orc shouts!
The orc wizard shouts!
You hear an angry hiss.
Found a scroll labelled GAICKAD INIKU.
Found a stone staircase leading down.
As you read the scroll labelled IFIZIG FOIMN, it crumbles to dust.
It is a scroll of amnesia.
You feel forgetful for a moment.
As you read the scroll labelled GAICKAD INIKU, it crumbles to dust.
It is a scroll of identify.
i - a potion of magic The howler monkey skeleton closely misses you.
As you read the scroll labelled BYDAGEZXOACS, it crumbles to dust.
It is a scroll of brand weapon.
Your +0 long sword projects an invisible shield of force!
a - a +0 long sword of protection (weapon)
You block the sky beast's attack.
You block the howler monkey skeleton's attack.
As you read the scroll labelled ONOARE RIOK, it crumbles to dust.
You feel strangely unstable.
It was a scroll of teleportation.
The sky beast hits you. The sky beast shocks you.
The orc warrior hits you with a +0 long sword!
The howler monkey skeleton closely misses you.
The sky beast misses you.
Your surroundings seem slightly different.
The orc wizard mumbles some strange words.
The orc wizard flickers and vanishes!
Deactivating autopickup; reactivate with Ctrl-A.
The sky beast flickers out of sight!
Okay, then.
It was a potion of curing.
You feel better.
The orc warrior hits you with a +0 long sword!
It was a potion of attraction.
You feel attractive to monsters. The orc warrior barely misses you.
You furiously retaliate!
You headbutt the orc warrior!
It was a potion of invisibility.
You fade into invisibility!
A sky beast appears from thin air!
Reactivating autopickup.
The orc warrior hits you with a +0 long sword!
You die...

................#
...............+
........o?.....#
...#..........#
#..........#
#{####+##### #.#
# #.####.#
#.Yo@..# ########


You could see an orc warrior and a sky beast.

Vanquished Creatures
  9 adders (D:2)
  A dart slug (D:2)
  5 ball pythons
  4 bats (D:1)
  An endoplasm (D:2)
  A giant cockroach (D:1)
  2 hobgoblins (D:1)
  A quokka (D:1)
  3 frilled lizards
  5 goblins (D:1)
  3 kobolds
  9 rats
44 creatures vanquished.

Notes
Turn   | Place    | Note
-------+----------+-------------------------------------------
     0 | D:1      | pkoi the Minotaur Gladiator began the quest for the Orb.
     0 | D:1      | Reached XP level 1. HP: 18/18 MP: 0/0
    49 | D:1      | Reached skill level 4 in Long Blades
   169 | D:1      | Reached XP level 2. HP: 22/25 MP: 1/1
   774 | D:2      | Reached skill level 1 in Armour
   774 | D:2      | Reached XP level 3. HP: 26/30 MP: 2/2
  1080 | D:2      | Found a faded altar of an unknown god.
  1278 | D:2      | Reached skill level 5 in Long Blades
  1369 | D:2      | Reached XP level 4. HP: 37/38 MP: 3/3
  2114 | D:3      | You fall into a shaft and drop 2 floors!
  2114 | D:5      | Entered Level 5 of the Dungeon
  2114 | D:5      | Noticed an orc warrior
  2114 | D:5      | Noticed a sky beast
  2137 | D:5      | Slain by an orc warrior

Illustrated notes

Levels and vault maps discovered:
D:1:      minmay_arrival_open_corners, layout_basic
D:2:      layout_basic, chequers_ecumenical_altar_island, minmay_snake_closets
D:3:      layout_loops_ring, gammafunk_ghost_gnarly_gnolls
D:5:      layout_basic, serial_undead, serial_undead_e, serial_undead_f,
          serial_undead_d, serial_undead_e, serial_undead_a, serial_undead_d,
          serial_undead_e

Skill      XL: |  1  2  3  4 |
---------------+-------------+-----
Long Blades    | 4 5 |  5.6
Armour         | 1 2 |  2.2
Fighting       | 3 |  3.4
Throwing       | |  2.0
Dodging        | |  3.2

Action                   |  1- 3 |  4- 6 || total
-------------------------+-------+-------++-------
Melee: Long sword        |    63 |    28 ||    91
       Headbutt          |     8 |     2 ||    10
  Use: Scroll            |       |     4 ||     4
       Potion            |       |     3 ||     3
Armor: Leather armour    |    14 |     7 ||    21
Dodge: Dodged            |    41 |    19 ||    60
Block: Other             |    10 |     6 ||    16
